 Dungeon Crawl Stone Soup version 0.22.1-2-g9c5b331 (webtiles) character file.

397883 Lilu the Warrior (level 22, -8/143 HPs)
             Began as a Deep Elf Wizard on Dec 22, 2018.
             Was the Champion of Hepliaklqana.
             Killed from afar by a fire giant (33 damage)
             ... with a fireball
             ... on level 2 of the Depths on Dec 23, 2018.
             The game lasted 06:13:05 (63693 turns).

Lilu the Warrior (Deep Elf Wizard)                 Turns: 63693, Time: 06:13:06

Health: -8/143     AC: 26    Str: 12      XL:     22   Next: 22%
Magic:  0/60       EV: 22    Int: 28 (32) God:    Hepliaklqana [******]
Gold:   2539       SH: 17    Dex: 21      Spells: 11/50 levels left

rFire    . . .     SeeInvis .   U - +6 short sword "Eboloese" {pierce, +Blink rC+ Str+5}
rCold    + + .     Gourm    .   S - +0 shield {reflect}
rNeg     + . .     Faith    .   O - +7 ring mail of Noczyic {rElec Int+2 Dex+4 Slay+2}
rPois    .         Spirit   +   T - +2 hat of the Bear Spirit {Spirit, +Rage rN+ MR++}
rElec    +         Reflect  +   I - +2 cloak {+Inv}
rCorr    .         Harm     .   Q - +2 pair of gloves {Dex+3}
MR       ++++.                  r - +1 pair of boots {Fly}
Stlth    +++++++...             b - amulet of Vitality {Regen+ HP+15}
HPRegen  1.73/turn              f - ring of the Commoners {Wiz MP+9 Stlth+}
MPRegen  0.37/turn              j - ring of magical power

@: lethally poisoned (-8 -> -8), flying, regenerating
A: reduced essence, claws 1, large bone plates 1, cold resistance 1
}: 2/15 runes: serpentine, barnacled
a: Recall Ancestor, Ancestor Identity, Transference, Idealise, Renounce
Religion, Evoke Blink, Evoke Berserk Rage, Evoke Invisibility, Stop Flying


You were on level 2 of the Depths.
You worshipped Hepliaklqana.
Hepliaklqana was exalted by your worship.
You were not hungry.

You visited 8 branches of the dungeon, and saw 40 of its levels.
You visited 1 bazaar.
You also visited: Labyrinth.

You collected 4797 gold pieces.
You spent 2258 gold pieces at shops.

Inventory:

Hand Weapons
 U - the +6 short sword "Eboloese" (weapon) {pierce, +Blink rC+ Str+5}
   (You found it on level 6 of the Lair of Beasts)

   It inflicts extra damage upon your enemies.
   It affects your strength (+5).
   It protects you from cold.
   It lets you blink.
Armour
 r - a +1 pair of boots of flying (worn)
 I - a +2 cloak of invisibility (worn)
 O - the +7 ring mail of Noczyic (worn) {rElec Int+2 Dex+4 Slay+2}
   (You found it on level 8 of the Dungeon)

   It affects your intelligence (+2).
   It affects your dexterity (+4).
   It affects your accuracy and damage with ranged weapons and melee attacks
   (+2).
   It insulates you from electricity.
 Q - a +2 pair of gloves of dexterity (worn)
 S - a +0 shield of reflection (worn)
 T - the +2 hat of the Bear Spirit (worn) {Spirit, +Rage rN+ MR++}
   (You bought it in a shop on level 1 of the Snake Pit)

   It protects you from negative energy.
   It affects your resistance to hostile enchantments.
   It lets you go berserk.
Jewellery
 b - the amulet of Vitality (around neck) {Regen+ HP+15}
   (You took it off a merfolk on level 4 of the Shoals)

   [amulet of regeneration]

   It affects your health (+15).
   It increases your rate of regeneration.
 f - the ring of the Commoners (left hand) {Wiz MP+9 Stlth+}
   (You took it off a deep elf master archer on level 3 of the Elven Halls)

   [ring of wizardry]

   It improves your spell success rate.
   It affects your magic capacity (+9).
   It makes you more stealthy.
 j - a ring of magical power (right hand)
 o - the ring "Coytu" {rN+ Dex+2 Stlth+}
   (You found it on level 3 of the Elven Halls)

   [ring of dexterity]

   It affects your dexterity (+2).
   It protects you from negative energy.
   It makes you more stealthy.
 x - an uncursed ring of see invisible
 E - the amulet of Leacs {Spirit rPois MR+ Int+5}
   (You found it in a labyrinth)

   [amulet of guardian spirit]

   It causes incoming damage to be split between your health and magic.
   It affects your intelligence (+5).
   It protects you from poison.
   It affects your resistance to hostile enchantments.
Wands
 n - a wand of digging (18)
 z - a wand of iceblast (19)
 A - a wand of clouds (1)
 H - a wand of scattershot (8)
 R - a wand of acid (3)
Scrolls
 c - 22 scrolls of remove curse
 l - a scroll of summoning
 q - 13 scrolls of teleportation
 v - 2 scrolls of fear
 y - a scroll of brand weapon
 B - 7 scrolls of identify
 C - 5 scrolls of immolation
 G - a scroll of torment
 J - 6 scrolls of blinking
 K - 3 scrolls of vulnerability
 L - 9 scrolls of enchant armour
 P - 4 scrolls of silence
 V - 3 scrolls of enchant weapon
 X - 8 scrolls of amnesia
 Z - 4 scrolls of fog
Potions
 a - a potion of magic
 e - 14 potions of curing
 g - 4 potions of agility
 i - 3 potions of ambrosia
 k - 3 potions of cancellation
 m - 4 potions of resistance
 p - 6 potions of lignification
 t - 3 potions of brilliance
 u - 5 potions of mutation
 F - 5 potions of heal wounds
 M - 9 potions of haste
 N - 3 potions of might
Miscellaneous
 s - a crystal ball of energy
 W - 5 phantom mirrors
 Y - a lamp of fire
Comestibles
 d - 40 rations


   Skills:
 + Level 16.5 Fighting
 - Level 12.0 Short Blades
 - Level 13.0 Armour
 - Level 15.0 Dodging
 - Level 15.0 Stealth
 + Level 14.0 Shields
 + Level 14.8 Spellcasting
 - Level 8.0 Conjurations
 - Level 4.0 Hexes
 - Level 4.0 Charms
 - Level 3.0 Summonings
 - Level 8.0 Necromancy
 - Level 3.5 Translocations
 - Level 2.1 Fire Magic
 - Level 2.1 Air Magic
 - Level 8.0 Earth Magic
 - Level 2.1 Poison Magic
 - Level 6.0 Invocations
 - Level 12.0 Evocations


You had 11 spell levels left.
You knew the following spells:

 Your Spells              Type           Power        Failure   Level  Hunger
a - Magic Dart            Conj           ####         1%          1    None
b - Mephitic Cloud        Conj/Pois/Air  #####...     1%          3    None
c - Conjure Flame         Conj/Fire      #####...     1%          3    None
d - Call Imp              Summ           #####...     1%          2    None
e - Blink                 Tloc           N/A          1%          2    None
f - Fulminant Prism       Conj/Hex       ######....   1%          4    None
g - Borgnjor's Vile Clut  Necr/Erth      ######....   2%          5    None
h - Dazzling Spray        Conj/Hex       ######       1%          3    None
i - Animate Dead          Necr           N/A          1%          4    None
j - Confusing Touch       Hex            #####.       1%          1    None
k - Recall                Summ/Tloc      N/A          1%          3    None
l - Shroud of Golubria    Chrm/Tloc      #####.....   1%          2    None
m - Regeneration          Chrm/Necr      ######....   1%          3    None
n - Vampiric Draining     Necr           ######....   1%          3    None

Your spell library contained the following spells:

 Spells                   Type           Power        Failure   Level  Hunger
 Animate Skeleton         Necr           N/A          1%          1    None
 Corona                   Hex            #####..      1%          1    None
 Flame Tongue             Conj/Fire      #####        1%          1    None
 Freeze                   Ice            ###.         1%          1    None
 Infusion                 Chrm           ####         1%          1    None
 Summon Small Mammal      Summ           ####         1%          1    None
 Ensorcelled Hibernation  Hex/Ice        ####..       1%          2    None
 Searing Ray              Conj           ######       1%          2    None
 Slow                     Hex            #####...     1%          2    None
 Song of Slaying          Chrm           #####...     1%          2    None
 Throw Frost              Conj/Ice       #####.       1%          2    None
 Call Canine Familiar     Summ           #####...     1%          3    None
 Confuse                  Hex            #####...     1%          3    None
 Gell's Gravitas          Tloc           #####.....   1%          3    None
 Inner Flame              Hex/Fire       #####...     1%          3    None
 Portal Projectile        Hex/Tloc       #####.       1%          3    None
 Spectral Weapon          Hex/Chrm       #####...     1%          3    None
 Tukima's Dance           Hex            #####...     1%          3    None
 Force Lance              Conj/Tloc      ######..     1%          4    None
 Iskenderun's Mystic Bla  Conj           ######..     1%          4    None
 Leda's Liquefaction      Hex/Erth       ######....   1%          4    None
 Ozocubu's Armour         Chrm/Ice       ####....     2%          3    None
 Lee's Rapid Deconstruct  Erth           ######....   2%          5    None
 Cause Fear               Hex            #####.....   4%          4    None
 Petrify                  Tmut/Erth      #####...     4%          4    None
 Throw Icicle             Conj/Ice       #####...     4%          4    None
 Bolt of Magma            Conj/Fire/Erth ######....   4%          5    None
 Iskenderun's Battlesphe  Conj/Chrm      ######..     4%          5    None
 Venom Bolt               Conj/Pois      #####.....   7%          5    None
 Summon Ice Beast         Ice/Summ       ####....     11%         4    None
 Irradiate                Conj/Tmut      #####.....   11%         5    None
 Death Channel            Necr           ######....   12%         6    ####...
 Iron Shot                Conj/Erth      ######....   12%         6    ####...
 Aura of Abjuration       Summ           #####.....   16%         5    None
 Ice Form                 Ice/Tmut       ###.....     21%         4    None
 Metabolic Englaciation   Hex/Ice        ####......   24%         5    None
 Yara's Violent Unravell  Hex/Tmut       ####......   24%         5    None
 Simulacrum               Ice/Necr       #####.....   50%         6    ####...
 Statue Form              Tmut/Erth      #####....    50%         6    ####...
 Orb of Destruction       Conj           ######....   52%         7    #####..
 Spellforged Servitor     Conj/Summ      ######....   85%         7    #####..
 Hydra Form               Tmut           ###.......   95%         6    ####...
 Malign Gateway           Summ/Tloc      #####.....   98%         7    #####..
 Ring of Flames           Chrm/Fire      #####.....   99%         7    #####..
 Dragon Form              Tmut           ###.......   100%        7    #####..


Dungeon Overview and Level Annotations

Branches:
Dungeon (15/15)            Temple (0/1) D:4            Lair (6/6) D:9
 Shoals (4/4) Lair:4        Snake (4/4) Lair:4        Slime (0/5) Lair:6
    Orc (2/2) D:11            Elf (3/3) Orc:2        Vaults (4/5) D:14
  Crypt (0/3) Vaults:3     Depths (2/5) D:15

Altars:
Ashenzari
Elyvilon
Gozag
Hepliaklqana
Makhleb
Okawaru
Qazlal
Ru
Sif Muna
Trog
Wu Jian
Xom
Zin
The Shining One
Beogh
Jiyva

Shops:
D:5 :   D:6 (   D:9 :   Orc:2 (=*[   Elf:1 ?**   Elf:2 [   Snake:1 %[
Depths:1 }=}[

Portals:
Hell: Depths:1 Depths:2
Abyss: Depths:1
Ziggurat: Depths:1

Annotations:
Depths:1 exclusions: downstairs and 4 more exclusions


Innate Abilities, Weirdness & Mutations

Your life essence is reduced to manifest your ancestor. (-10% HP)
You have sharp fingernails.
You are partially covered in large bone plates. (SH +4)
Your flesh is cold resistant. (rC+)


Message History

The deep elf demonologist appears confused.
The ettin appears confused.
You puncture the fire giant!
The fire giant is moderately wounded.
The fire giant casts a spell at you.
The fireball explodes!
The fireball engulfs you!
* * * LOW HITPOINT WARNING * * *
The fireball engulfs Decimagus.
Decimagus resists.
The fireball engulfs your stone giant zombie.
The fireball engulfs the fire giant.
The fire giant resists.
An ettin comes into view. It is wielding two dire flails.
You hear a horrible gurgling sound!
You feel sick.
The fire giant gestures at you while chanting.
The fireball explodes!
The fireball engulfs Decimagus.
Decimagus resists.
Decimagus is destroyed!
The fireball engulfs you!
You die...

<........######
............(.#
.##.##..#####.##
######### #..#
##(## #()# ##(#
########(#########
........(@.C.....#
..........Z.......
..................
.........C)......#
.................#
.................#
#............(..##
#.......C.e....(#
##..........(..##


You could see a fire giant, 2 ettins, a deep elf demonologist (confused) and a
friendly stone giant zombie.

Vanquished Creatures
  Rupert (Snake:1)
  3 deep elf blademasters
  3 sphinxes
  2 deep elf master archers (Elf:3)
  4 krakens
  2 tengu reavers
  A storm dragon (Vaults:4)
  Donald (Elf:2)
  Ilsuiw (Shoals:2)
  12 nagarajas
  The ghost of TheOvate the Severer, a journeyman MiBe of Trog (Shoals:4)
  2 vault wardens
  7 deep elf sorcerers
  4 frost giants
  2 orc warlords (Orc:2)
  Louise (Elf:2)
  2 deep elf elementalists
  A ghoul (Vaults:3)
  13 very ugly things
  7 stone giants
  12 ironheart preservers
  An entropy weaver (Vaults:2)
  6 deep elf annihilators (Elf:3)
  8 deep elf demonologists
  A minotaur (Lab)
  A spark wasp (Depths:1)
  2 ettins
  4 deep elf death magi (Elf:3)
  2 eidola (Vaults:3)
  2 merfolk javelineers
  8 merfolk impalers
  A deep elf high priest (Elf:3)
  3 yaktaur captains
  9 ogre magi
  Harold (D:11)
  3 fire dragons
  3 great orbs of eyes
  6 hydras
  5 ice dragons
  14 naga warriors
  3 vault guards (Vaults:1)
  7 rakshasas
  6 anacondas
  13 centaur warriors
  3 alligator snapping turtles
  2 merfolk avatars
  2 death knights
  4 catoblepae
  2 merfolk aquamancers (Shoals:4)
  2 satyrs (Shoals:3)
  26 dancing weapons
  4 deep troll shamans
  16 naga sharpshooters
  14 death yaks
  A deep troll earth mage (Vaults:1)
  24 two-headed ogres
  5 tengu warriors
  A vampire mage (Vaults:3)
  21 deep elf knights
  2 orc high priests (Orc:2)
  4 shock serpents
  3 skeletal warriors (D:14)
  3 iron trolls (Depths:1)
  2 salamander mystics
  4 hell knights
  3 glowing orange brains
  8 sea snakes
  10 deep trolls
  A flayed ghost (Vaults:2)
  19 deep elf archers
  A glowing orange brain (shapeshifter) (Vaults:2)
  4 ironbrand convokers
  8 naga ritualists
  A wizard (Vaults:1)
  A lindwurm (Lair:6)
  9 orc knights
  A phantasmal warrior (Vaults:2)
  31 ugly things
  A necromancer (D:14)
  3 orc sorcerers
  24 harpies
  An oklob plant (Shoals:4)
  61 deep elf magi
  6 cyclopes
  6 fauns
  8 manticores
  A wolf spider (Vaults:2)
  9 salamanders
  9 mana vipers
  9 merfolk sirens
  4 elephants
  22 black mambas
  A human skeleton (Vaults:2)
  17 naga magi
  A spiny frog (shapeshifter) (Vaults:1)
  4 vault sentinels
  4 centaur skeletons
  6 spiny frogs
  5 water nymphs
  A rime drake (Lair:6)
  2 minotaur zombies (Lab)
  A komodo dragon (shapeshifter) (Elf:3)
  An efreet (D:14)
  5 komodo dragons
  4 freezing wraiths
  9 yaktaurs
  3 tengu conjurers
  13 trolls
  A jumping spider (shapeshifter) (Depths:1)
  A hornet (shapeshifter) (D:14)
  A polar bear (Lair:3)
  A wolf spider simulacrum (D:14)
  A queen bee (shapeshifter) (Vaults:1)
  12 blink frogs
  30 merfolk
  8 wind drakes
  7 hornets
  5 snapping turtles
  27 slime creatures
  4 dream sheep
  4 hippogriffs
  A hippogriff (shapeshifter) (Depths:2)
  A shadow (D:12)
  A meliai zombie (D:12)
  2 tarantellas (shapeshifter)
  4 redbacks (Vaults:2)
  Sigmund (D:5)
  7 wraiths
  4 water elementals
  3 air elementals
  4 wyverns
  A spriggan (shapeshifter) (Depths:1)
  4 fire elementals
  A human (D:11)
  3 vampire mosquitoes (D:14)
  22 yaks
  2 human simulacra
  11 wargs
  4 soldier ants
  32 nagas
  3 acid dragons
  17 water moccasins
  Duvessa (D:5)
  8 porcupines
  An ice beast (shapeshifter) (Vaults:1)
  42 orc warriors
  8 sky beasts
  A black bear (shapeshifter) (Vaults:2)
  5 ice beasts
  5 necrophages (Lair:3)
  A phantom (D:12)
  An eye of draining (D:12)
  2 wolves (Lair:4)
  An ettin simulacrum (Vaults:3)
  27 ogres
  3 boggarts (Vaults:3)
  16 centaurs
  11 crocodiles
  5 big kobolds
  14 bullfrogs
  5 earth elementals
  A gnoll sergeant (D:7)
  A wyvern skeleton (D:12)
  4 scorpions
  2 killer bees (D:10)
  3 electric eels
  6 wights
  A howler monkey (D:11)
  6 centaur zombies
  5 crimson imps
  5 jellies
  3 hounds
  Crazy Yiuf (D:6)
  A bullfrog skeleton (D:9)
  2 bullfrog zombies
  18 orc priests
  2 iguanas (D:11)
  Jessica (D:3)
  3 hexers
  17 worker ants
  19 orc wizards
  A hound zombie (D:10)
  Robin (D:3)
  11 adders
  An ancestor (D:5)
  14 gnolls
  3 shadow imps
  An adder skeleton (D:9)
  A worm (D:4)
  2 dart slugs (D:1)
  3 leopard geckos
  96 orcs
  5 ball pythons
  5 giant cockroaches
  8 hobgoblins
  13 jackals
  20 kobolds
  7 quokkas
  A ball python skeleton (D:5)
  11 bats
  6 frilled lizards
  18 goblins
  A jackal skeleton (D:5)
  A leopard gecko skeleton (D:5)
  A quokka zombie (D:5)
  4 rats (D:1)
  A crawling corpse (Elf:3)
  4 fungi
  13 plants
  20 tentacles
1435 creatures vanquished.

Vanquished Creatures (collateral kills)
  A sphinx (Vaults:3)
  2 frost giants (Depths:1)
  A deep elf elementalist (Elf:3)
  2 very ugly things (Vaults:4)
  2 ironheart preservers
  2 stone giants (Depths:1)
  3 deep elf annihilators
  2 deep elf demonologists (Elf:3)
  2 spark wasps (Depths:1)
  3 merfolk javelineers
  6 merfolk impalers (Shoals:4)
  A great orb of eyes (Vaults:3)
  2 deep elf high priests (Elf:3)
  2 yaktaur captains
  2 ice dragons (Depths:1)
  A hydra (Lair:6)
  2 naga warriors
  3 centaur warriors
  A catoblepas (Lair:6)
  A merfolk aquamancer (Shoals:4)
  5 two-headed ogres
  A death knight (Vaults:2)
  2 ogre magi
  A deep troll shaman (Vaults:2)
  4 dancing weapons
  A queen ant (Lair:2)
  A satyr (Shoals:4)
  3 death yaks
  A deep troll earth mage (Vaults:2)
  An orc high priest (Orc:2)
  4 naga sharpshooters
  2 shadow wraiths
  5 deep elf knights
  A skeletal warrior (D:12)
  A salamander mystic (Snake:3)
  A flayed ghost (Depths:1)
  An unseen horror (Vaults:1)
  7 deep trolls
  3 naga ritualists
  A glowing orange brain (Vaults:2)
  2 sea snakes
  A necromancer (Vaults:2)
  3 ironbrand convokers
  A harpy (Shoals:4)
  A wolf spider (Vaults:2)
  A cyclops (Shoals:2)
  An orc sorcerer (Orc:2)
  6 deep elf magi
  6 manticores
  4 salamanders
  An oklob plant (Shoals:4)
  An ugly thing (Vaults:1)
  4 merfolk sirens
  A stone giant skeleton (Vaults:2)
  An elephant (Lair:6)
  A vault sentinel (Vaults:2)
  3 black mambas
  7 naga magi
  2 water nymphs (Shoals:4)
  The ghost of Matador8 the Cutter, a novice HuWn of Nemelex Xobeh (D:5)
  A spiny frog (Lair:4)
  A gargoyle (D:10)
  2 centaur skeletons
  A komodo dragon (Lair:1)
  A freezing wraith (Vaults:2)
  5 merfolk
  A polar bear (Lair:4)
  2 wind drakes (Shoals:4)
  A hornet (Vaults:1)
  A sphinx simulacrum (Vaults:2)
  3 blink frogs
  8 slime creatures
  2 hippogriffs
  A dream sheep (Shoals:3)
  A snapping turtle (Shoals:4)
  An air elemental (Elf:1)
  A spriggan (Lair:4)
  3 yaks
  5 wyverns
  10 water elementals
  2 basilisks
  A warg (Orc:2)
  3 soldier ants (Lair:2)
  2 acid dragons
  7 nagas
  3 porcupines
  A floating eye (shapeshifter) (Vaults:4)
  3 sky beasts
  5 orc warriors
  2 black bears
  2 necrophages
  A boggart (Vaults:2)
  3 ogres
  6 centaurs
  A wolf (Lair:4)
  A crocodile (D:9)
  A big kobold (D:9)
  5 bullfrogs
  A gnoll sergeant (D:6)
  A human skeleton (Vaults:2)
  2 scorpions
  Dowan (D:5)
  An elf simulacrum (Vaults:2)
  2 killer bees
  2 wights
  An electric eel (Lair:2)
  A howler monkey (D:11)
  A crimson imp (D:11)
  2 human simulacra
  A centaur zombie (D:8)
  A quasit (D:5)
  A bullfrog zombie (D:9)
  A hound (D:7)
  5 orc priests
  3 jellies
  5 orc wizards
  8 worker ants
  5 gnolls
  2 adders
  An adder skeleton (D:7)
  A worm (D:5)
  23 orcs
  A giant cockroach (D:4)
  5 jackals
  8 kobolds
  A crawling corpse (Elf:3)
  A fungus (Orc:2)
  2 plants (Shoals:4)
  3 tentacles (Shoals:4)
328 creatures vanquished.

Vanquished Creatures (others)
  A deep elf sorcerer (Elf:3)
  A deep elf death mage (Elf:3)
  A yaktaur captain (Vaults:3)
  2 deep elf knights
  A necromancer (Depths:2)
  A deep elf mage (Elf:1)
  A naga mage (Snake:4)
  A basilisk (shapeshifter) (Vaults:2)
  2 centaurs (Depths:2)
  64 hexers
  2 ancestors
  An orc (D:8)
  A kobold (D:10)
  26 fulminant prisms
  17 fungi
  23 plants
  129 tentacles
274 creatures vanquished.

Grand Total: 2037 creatures vanquished

Notes
Turn   | Place    | Note
-------+----------+-------------------------------------------
     0 | D:1      | Lilu the Deep Elf Wizard began the quest for the Orb.
     0 | D:1      | Reached XP level 1. HP: 10/10 MP: 7/7
   616 | D:1      | Reached XP level 2. HP: 16/16 MP: 3/9
   933 | D:1      | Reached XP level 3. HP: 14/20 MP: 1/11
  1436 | D:1      | Learned a level 3 spell: Mephitic Cloud
  1440 | D:1      | Learned a level 3 spell: Conjure Flame
  1443 | D:1      | Learned a level 2 spell: Call Imp
  1446 | D:1      | Learned a level 2 spell: Blink
  1670 | D:2      | Reached skill level 1 in Fighting
  1706 | D:2      | Reached skill level 5 in Spellcasting
  1706 | D:2      | Reached XP level 4. HP: 16/25 MP: 0/13
  2607 | D:3      | Noticed Jessica
  2609 | D:3      | Killed Jessica
  2609 | D:3      | Reached XP level 5. HP: 29/29 MP: 11/14
  2685 | D:3      | Noticed Robin
  2701 | D:3      | Killed Robin
  2749 | D:3      | Found a hazy altar of Hepliaklqana.
  2812 | D:3      | Became a worshipper of Hepliaklqana the Forgotten
  3218 | D:4      | Found a bloodstained altar of Trog.
  3218 | D:4      | Found an iron altar of Okawaru.
  3282 | D:4      | Found a staircase to the Ecumenical Temple.
  3568 | D:4      | Reached XP level 6. HP: 18/31 MP: 8/16
  3961 | D:4      | Reached * piety under Hepliaklqana
  4058 | D:4      | Found an opulent altar of Gozag.
  4133 | D:5      | Entered Level 5 of the Dungeon
  4138 | D:5      | Reached skill level 1 in Fire Magic
  4142 | D:5      | Reached skill level 1 in Air Magic
  4307 | D:5      | Found a runed gate.
  4307 | D:5      | Found an opulent altar of Gozag.
  4308 | D:5      | Found a runed gate.
  4308 | D:5      | Found a runed gate.
  4309 | D:5      | Noticed Matador8's ghost (novice HuWn)
  4417 | D:5      | Reached skill level 1 in Poison Magic
  4417 | D:5      | Noticed a sky beast
  4426 | D:5      | Killed a sky beast
  4426 | D:5      | Reached skill level 2 in Fighting
  4512 | D:5      | Reached XP level 7. HP: 32/36 MP: 17/17
  4595 | D:5      | Noticed Sigmund
  4611 | D:5      | Killed Sigmund
  4734 | D:5      | Found Erihagy's Book Shoppe.
  4798 | D:5      | Noticed Duvessa
  4798 | D:5      | Noticed Dowan
  4810 | D:5      | Killed Dowan
  4835 | D:5      | Found a white marble altar of Elyvilon.
  4869 | D:5      | Killed Duvessa
  5216 | D:5      | Reached skill level 5 in Conjurations
  5509 | D:5      | Reached XP level 8. HP: 19/40 MP: 13/19
  5516 | D:5      | Killed Matador8's ghost
  5516 | D:5      | Reached skill level 5 in Dodging
  5639 | D:6      | Learned a level 4 spell: Fulminant Prism
  5652 | D:6      | Found Xotsecva's Antique Weapon Emporium.
  5751 | D:6      | Reached skill level 3 in Fighting
  5751 | D:6      | Reached skill level 1 in Hexes
  5902 | D:6      | Found a burning altar of Makhleb.
  5922 | D:6      | Reached ** piety under Hepliaklqana
  5923 | D:6      | Remembered your ancestor Decimagus as a hexer
  6170 | D:6      | Found a runed door.
  6174 | D:6      | Noticed Crazy Yiuf
  6181 | D:6      | Killed Crazy Yiuf
  6289 | D:6      | Reached XP level 9. HP: 43/45 MP: 21/21
  6368 | D:6      | Reached skill level 1 in Shields
  6652 | D:7      | Found a burning altar of Makhleb.
  6711 | D:7      | Reached skill level 1 in Evocations
  7112 | D:7      | Reached skill level 4 in Fighting
  7363 | D:8      | Got an ichor-stained dagger
  7364 | D:8      | Identified the +6 dagger "Voeqif" {pierce, Dex+2} (You
                  | found it on level 8 of the Dungeon)
  7656 | D:8      | Found a glowing golden altar of the Shining One.
  7899 | D:8      | Reached *** piety under Hepliaklqana
  8122 | D:8      | Got a faintly glowing ring mail
  8133 | D:8      | Identified the +7 ring mail of Noczyic {rElec Int+2 Dex+4
                  | Slay+2} (You found it on level 8 of the Dungeon)
  8512 | D:9      | Reached XP level 10. HP: 35/52 MP: 24/24
  8723 | D:9      | Found a stormy altar of Qazlal.
  8727 | D:9      | Found Rixtuf's Book Shop.
  8788 | D:9      | Noticed an elephant
  8807 | D:9      | Reached skill level 1 in Armour
  8973 | D:9      | Found a staircase to the Lair.
  9030 | D:9      | Killed an elephant
  9068 | D:9      | Found a deep blue altar of Sif Muna.
  9068 | D:9      | Found a sacrificial altar of Ru.
  9087 | D:9      | Found an ornate altar of the Wu Jian Council.
  9209 | D:10     | Entered Level 10 of the Dungeon
  9295 | D:10     | Reached skill level 1 in Short Blades
  9525 | D:10     | Learned a level 5 spell: Borgnjor's Vile Clutch
  9608 | D:10     | Reached **** piety under Hepliaklqana
  9685 | D:10     | Reached skill level 5 in Fighting
  9830 | D:10     | Noticed a gargoyle
  9845 | D:10     | Killed a gargoyle
  9845 | D:10     | Reached skill level 1 in Necromancy
  9845 | D:10     | Reached skill level 1 in Earth Magic
 10900 | D:11     | Noticed a two-headed ogre
 10912 | D:11     | Killed a two-headed ogre
 10912 | D:11     | Reached XP level 11. HP: 45/57 MP: 25/25
 10945 | D:11     | Noticed a purple ugly thing
 10957 | D:11     | Killed a purple ugly thing
 10957 | D:11     | Reached skill level 5 in Evocations
 10971 | D:11     | Found a labyrinth entrance.
 10997 | Lab      | Entered a labyrinth
 11812 | Lab      | Noticed a minotaur
 11837 | Lab      | Killed a minotaur
 11839 | Lab      | Identified the Volume of the Supportive Glacier
 11840 | Lab      | Got a scorched zirconium amulet
 11866 | Lab      | Got an iridescent rapier
 11866 | Lab      | Got a pitted scimitar
 11869 | Lab      | Identified the +2 rapier of Imbalance {flame, MR+ Str+2}
                  | (You found it in a labyrinth)
 11870 | Lab      | Identified the +1 scimitar of Zyrek {speed, +Fly Str+2}
                  | (You found it in a labyrinth)
 11886 | Lab      | Reached skill level 1 in Invocations
 12050 | Lab      | Got an ancient rapier
 12648 | D:11     | Found a staircase to the Orcish Mines.
 12688 | D:11     | Reached skill level 6 in Fighting
 12688 | D:11     | Noticed a six-headed hydra
 12709 | D:11     | Killed a six-headed hydra
 12802 | D:11     | Identified the amulet of Leacs {Spirit rPois MR+ Int+5}
                  | (You found it in a labyrinth)
 13112 | D:11     | Noticed Harold
 13124 | D:11     | Killed Harold
 13541 | Lair:1   | Entered Level 1 of the Lair of Beasts
 13577 | Lair:1   | Reached ***** piety under Hepliaklqana
 13618 | Lair:1   | Reached XP level 12. HP: 52/63 MP: 23/27
 13763 | Lair:1   | Found a glowing silver altar of Zin.
 14235 | Lair:1   | Noticed a seven-headed hydra
 14243 | Lair:1   | Killed a seven-headed hydra
 14449 | Lair:1   | Learned a level 3 spell: Dazzling Spray
 14649 | Lair:2   | Reached skill level 5 in Necromancy
 14659 | Lair:2   | Noticed a queen ant
 14689 | Lair:2   | Killed a queen ant
 14697 | Lair:2   | Reached skill level 5 in Earth Magic
 14917 | Lair:2   | You fall through a shaft!
 15439 | Lair:2   | Noticed a fire dragon
 15471 | Lair:2   | Killed a fire dragon
 15743 | Lair:2   | Reached skill level 10 in Spellcasting
 16000 | Lair:3   | Reached skill level 7 in Fighting
 16166 | Lair:3   | Reached skill level 5 in Armour
 16858 | Lair:4   | Noticed a death yak
 16858 | Lair:4   | Noticed a death yak
 16858 | Lair:4   | Noticed a death yak
 16858 | Lair:4   | Noticed a death yak
 16860 | Lair:4   | Noticed a death yak
 16943 | Lair:3   | Killed a death yak
 16947 | Lair:3   | Killed a death yak
 17396 | Lair:4   | Found a staircase to the Snake Pit.
 17506 | Lair:4   | Reached XP level 13. HP: 68/68 MP: 29/29
 17622 | Lair:4   | Found a staircase to the Shoals.
 18929 | Lair:5   | Reached skill level 5 in Stealth
 19017 | Lair:5   | Identified a scroll of acquirement
 19018 | Lair:5   | Got a vibrating garnet amulet
 19020 | Lair:5   | Identified the amulet of Lawasin {Spirit rF+} (You acquired
                  | it on level 5 of the Lair of Beasts)
 19526 | Lair:6   | Entered Level 6 of the Lair of Beasts
 19604 | Lair:6   | Reached skill level 8 in Fighting
 19823 | Lair:6   | Found an iron altar of Okawaru.
 20039 | Lair:6   | Reached ****** piety under Hepliaklqana
 20057 | Lair:6   | Reached skill level 5 in Short Blades
 20624 | Lair:6   | Reached XP level 14. HP: 33/75 MP: 20/31
 20867 | Lair:6   | Found a staircase to the Slime Pits.
 20867 | Lair:6   | Found a viscous altar of Jiyva.
 21187 | Lair:6   | Reached skill level 10 in Evocations
 21343 | Lair:6   | Got a smoking short sword
 21344 | Lair:6   | Identified the +6 short sword "Eboloese" {pierce, +Blink
                  | rC+ Str+5} (You found it on level 6 of the Lair of Beasts)
 21968 | D:12     | Noticed a purple very ugly thing
 21988 | D:12     | Killed a white very ugly thing
 22127 | D:12     | Reached skill level 9 in Fighting
 22305 | D:12     | Got a twisted falchion {flame}
 22306 | D:12     | Identified the +8 falchion "Killer Bee's Doom" {flame,
                  | rPois rN+ MR-} (You took it off a big kobold on level 12 of
                  | the Dungeon)
 23791 | D:13     | Reached skill level 5 in Invocations
 24652 | Orc:1    | Entered Level 1 of the Orcish Mines
 25164 | Orc:2    | Entered Level 2 of the Orcish Mines
 25168 | Orc:2    | Paralysed by an orc sorcerer for 2 turns
 25343 | Snake:1  | Entered Level 1 of the Snake Pit
 26042 | Snake:1  | Found Nezxasae's Armour Shoppe.
 26042 | Snake:1  | Found Efecag's Food Emporium.
 26162 | Snake:1  | Reached skill level 10 in Fighting
 26441 | Snake:1  | Noticed Rupert
 26471 | Snake:1  | Killed Rupert
 26471 | Snake:1  | Reached XP level 15. HP: 50/82 MP: 16/33
 27354 | Snake:2  | Noticed a nagaraja
 27367 | Snake:2  | Killed a nagaraja
 27596 | Snake:2  | Noticed a nagaraja
 27656 | Snake:2  | Killed a nagaraja
 28233 | Snake:2  | Learned a level 4 spell: Animate Dead
 28676 | Snake:2  | Reached skill level 10 in Short Blades
 28991 | Snake:2  | Noticed a nagaraja
 29003 | Snake:2  | Killed a nagaraja
 29159 | Snake:2  | Learned a level 1 spell: Confusing Touch
 29351 | Snake:3  | Noticed a nagaraja
 29381 | Snake:3  | Killed a nagaraja
 30451 | Snake:3  | Noticed a nagaraja
 30461 | Snake:3  | Killed a nagaraja
 30461 | Snake:3  | Reached skill level 10 in Stealth
 30487 | Snake:3  | Reached skill level 11 in Fighting
 30736 | Snake:3  | Noticed a nagaraja
 30747 | Snake:3  | Noticed a nagaraja
 30758 | Snake:3  | Killed a nagaraja
 31171 | Snake:3  | Killed a nagaraja
 31171 | Snake:3  | Reached XP level 16. HP: 49/90 MP: 26/35
 31228 | Snake:3  | Reached skill level 10 in Dodging
 32219 | Snake:3  | Learned a level 3 spell: Recall
 32221 | Snake:4  | Entered Level 4 of the Snake Pit
 33016 | Snake:1  | Bought the +2 hat of the Bear Spirit {Spirit, +Rage rN+
                  | MR++} for 664 gold pieces
 33016 | Snake:1  | Found the +2 hat of the Bear Spirit {Spirit, +Rage rN+
                  | MR++}
 33089 | Shoals:1 | Entered Level 1 of the Shoals
 33090 | Shoals:1 | Reached skill level 5 in Shields
 34020 | Shoals:1 | Noticed a kraken
 35090 | Shoals:2 | Noticed Ilsuiw
 35547 | Shoals:2 | Killed Ilsuiw
 36786 | Shoals:3 | Noticed a kraken
 37041 | Shoals:3 | Noticed a kraken
 37287 | Shoals:3 | Killed a kraken
 37638 | Shoals:3 | Reached XP level 17. HP: 89/95 MP: 37/37
 37873 | Shoals:3 | Killed a kraken
 38110 | Shoals:3 | Found a gateway to a bazaar.
 38125 | Bazaar   | Entered a bazaar
 38125 | Bazaar   | Found Subicoko's Assorted Antiques.
 38125 | Bazaar   | Found Necepas's Armour Emporium.
 38126 | Bazaar   | Found Kebaitzy's Armour Shoppe.
 38126 | Bazaar   | Found Nifamuqusy's Distillery.
 38137 | Bazaar   | Bought a potion of curing for 45 gold pieces
 38137 | Bazaar   | Bought a potion of heal wounds for 75 gold pieces
 38137 | Bazaar   | Bought a potion of curing for 45 gold pieces
 38137 | Bazaar   | Bought a potion of cancellation for 120 gold pieces
 38137 | Bazaar   | Bought a potion of heal wounds for 75 gold pieces
 38147 | Bazaar   | Bought a scroll of blinking for 180 gold pieces
 38157 | Bazaar   | Bought a +2 pair of boots for 280 gold pieces
 38180 | Bazaar   | Bought a +2 buckler of cold resistance for 193 gold pieces
 38190 | Bazaar   | Bought the +1 large shield of Inference {Regen+} for 280
                  | gold pieces
 39531 | D:14     | Found a gate to the Vaults.
 39903 | D:14     | Reached skill level 12 in Fighting
 40471 | D:15     | Entered Level 15 of the Dungeon
 41250 | D:15     | Found a staircase to the Depths.
 41679 | Snake:3  | Learned a level 2 spell: Shroud of Golubria
 42995 | Snake:4  | Learned a level 3 spell: Regeneration
 43290 | Snake:4  | Got a serpentine rune of Zot
 43739 | Shoals:4 | Entered Level 4 of the Shoals
 43793 | Shoals:4 | Reached skill level 1 in Charms
 43809 | Shoals:4 | Found a runed door.
 43810 | Shoals:4 | Found a shimmering altar of Xom.
 43810 | Shoals:4 | Noticed TheOvate's ghost (journeyman MiBe)
 44093 | Shoals:4 | Reached XP level 18. HP: 66/101 MP: 3/38
 44165 | Shoals:3 | Gained mutation: Your body sometimes deteriorates upon
                  | taking damage. [mutagenic glow]
 44487 | Shoals:3 | Lost mutation: Your body sometimes deteriorates upon taking
                  | damage. [potion of mutation]
 44487 | Shoals:3 | Gained mutation: You have sharp fingernails. [potion of
                  | mutation]
 44487 | Shoals:3 | Gained mutation: You are partially covered in large bone
                  | plates. (SH +4) [potion of mutation]
 44487 | Shoals:3 | Gained mutation: Your flesh is cold resistant. (rC+)
                  | [potion of mutation]
 45035 | Shoals:4 | Got a barnacled rune of Zot
 45279 | Shoals:4 | Found Hacwi Ojozu's Armour Emporium.
 45295 | Shoals:4 | Bought a +2 pair of gloves of dexterity for 301 gold pieces
 45499 | Shoals:4 | Identified Pyrawk's Volume of the Arsonist and
                  | Confrontation
 45678 | Shoals:4 | Identified the +2 robe of Levut {rPois Str+3 Dex+3 Slay-3}
                  | (You found it on level 4 of the Shoals)
 46276 | Orc:2    | Found Mablehib's Antique Weapon Emporium.
 46673 | Orc:2    | Found Riunomix's General Store.
 46846 | Orc:2    | Found a roughly hewn altar of Beogh.
 46871 | Orc:2    | Found Meilu's Antique Armour Shoppe.
 47010 | Orc:2    | Found Osot's Jewellery Shoppe.
 47012 | Orc:2    | Found a staircase to the Elven Halls.
 47046 | Orc:2    | Reached skill level 13 in Fighting
 47765 | Elf:1    | Entered Level 1 of the Elven Halls
 47841 | Elf:1    | Found Qinucag's Magic Scroll Boutique.
 48970 | Elf:1    | Found Keixim's Assorted Antiques.
 48972 | Elf:1    | Found Oguoc's Assorted Antiques.
 49340 | Elf:1    | Reached XP level 19. HP: 107/107 MP: 39/39
 49441 | Elf:2    | Noticed Donald
 49445 | Elf:2    | Killed Donald
 49473 | Elf:2    | Found a runed gate.
 49474 | Elf:2    | Found a runed gate.
 49582 | Elf:2    | Found a runed gate.
 49765 | Elf:2    | Found Tyup's Armour Boutique.
 49952 | Elf:3    | Entered Level 3 of the Elven Halls
 50342 | Elf:3    | Reached skill level 15 in Dodging
 50734 | Elf:3    | Noticed a Brimstone Fiend
 50776 | Elf:3    | Reached skill level 10 in Shields
 51058 | Elf:3    | Reached skill level 14 in Fighting
 51062 | Elf:3    | Noticed a Tzitzimitl
 51591 | Elf:3    | Identified the amulet "Posenaw" {rPois Regen+} (You took it
                  | off a deep elf annihilator on level 3 of the Elven Halls)
 52695 | Elf:3    | Identified the ring of the Commoners {Wiz MP+9 Stlth+} (You
                  | took it off a deep elf master archer on level 3 of the
                  | Elven Halls)
 52754 | Elf:3    | Identified the Tome of Freezing Evil Secrets
 52759 | Elf:3    | Identified the Tome of Dusty Augmentations
 52829 | Elf:3    | Got a twitching silver ring
 52830 | Elf:3    | Identified the ring "Coytu" {rN+ Dex+2 Stlth+} (You found
                  | it on level 3 of the Elven Halls)
 52837 | Elf:3    | Identified the cursed +3 spear of Power {pierce, +Inv rC+
                  | Int+3} (You found it on level 3 of the Elven Halls)
 53247 | Vaults:1 | Entered Level 1 of the Vaults
 53530 | Vaults:1 | Reached XP level 20. HP: 114/114 MP: 40/40
 53911 | Vaults:1 | Found the -2 hat of the Alchemist {rElec rPois rF+ rC+ rN+
                  | MR+ rMut rCorr}
 55000 | Elf:2    | Noticed Louise
 55008 | Elf:2    | Killed Louise
 55208 | Elf:2    | Reached skill level 10 in Armour
 55809 | Shoals:4 | Killed TheOvate's ghost
 55835 | Shoals:4 | Identified the cursed +1 trident "Hosil" {freeze, rPois}
                  | (You found it on level 4 of the Shoals)
 56962 | Shoals:1 | Reached skill level 15 in Stealth
 57330 | Vaults:1 | Learned a level 3 spell: Vampiric Draining
 58279 | Vaults:2 | Reached skill level 15 in Fighting
 59342 | Vaults:3 | Reached XP level 21. HP: 120/120 MP: 41/41
 60658 | Vaults:3 | Found a staircase to the Crypt.
 61701 | Vaults:4 | Reached skill level 16 in Fighting
 62353 | Depths:1 | Entered Level 1 of the Depths
 62920 | Depths:1 | Found Qiamicw's Antique Armour Shop.
 62994 | Depths:1 | Reached XP level 22. HP: 128/128 MP: 42/42
 63083 | Depths:1 | Found a one-way gate to the infinite horrors of the Abyss.
 63108 | Depths:1 | Found a gateway to Hell.
 63108 | Depths:1 | Noticed an ancient lich
 63109 | Depths:1 | Found a gateway to a ziggurat.
 63298 | Depths:1 | Found Weyl's Gadget Shop.
 63298 | Depths:1 | Found Zacrymmoe's Jewellery Shoppe.
 63300 | Depths:1 | Found Duepulyl's Gadget Shop.
 63331 | Depths:1 | Found a shattered altar of Ashenzari.
 63693 | Depths:2 | Killed from afar by a fire giant

Skill      XL: |  1  2  3  4  5  6  7  8  9 10 11 12 13 14 15 16 17 18 19 20 21 22 |
---------------+-------------------------------------------------------------------+-----
Conjurations   | 2 3 4 5 6 7 8 |  8.0
Dodging        | 3 4 6 7 8 9 11 13 14 15 | 15.0
Fighting       | 1 2 3 4 5 6 7 8 10 11 12 13 14 15 16 | 16.5
Spellcasting   | 5 6 7 8 9 10 11 12 13 14 | 14.8
Fire Magic     | 1 2 |  2.1
Air Magic      | 1 2 |  2.1
Poison Magic   | 1 2 |  2.1
Translocations | 2 3 |  3.5
Summonings     | 2 3 |  3.0
Hexes          | 3 4 |  4.0
Shields        | 3 4 6 8 9 10 12 13 14 | 14.0
Evocations     | 2 4 6 8 9 10 11 12 | 12.0
Armour         | 2 4 5 6 8 11 13 | 13.0
Short Blades   | 3 5 8 11 12 | 12.0
Necromancy     | 2 4 6 7 8 |  8.0
Earth Magic    | 2 4 6 7 8 |  8.0
Invocations    | 4 5 6 |  6.0
Stealth        | 3 7 9 10 12 14 15 | 15.0
Charms         | 2 4 |  4.0

Action                   |  1- 3 |  4- 6 |  7- 9 | 10-12 | 13-15 | 16-18 | 19-21 | 22-24 || total
-------------------------+-------+-------+-------+-------+-------+-------+-------+-------++-------
Melee: Club              |    16 |       |       |       |       |       |       |       ||    16
       Flail             |       |     4 |    15 |     5 |       |       |       |       ||    24
       Short sword       |       |       |    93 |       |   702 |  1661 |  1416 |   126 ||  3998
       Whip              |       |       |    39 |       |       |       |       |       ||    39
       Dagger            |       |       |    35 |   605 |   356 |       |       |       ||   996
       Rapier            |       |       |       |    38 |       |       |       |       ||    38
 Cast: Magic Dart        |    92 |   164 |   199 |   188 |     4 |     8 |     1 |       ||   656
       Mephitic Cloud    |       |     1 |    23 |    24 |    10 |     2 |     4 |       ||    64
       Conjure Flame     |       |       |     2 |    21 |     2 |       |     1 |       ||    26
       Blink             |       |       |     2 |     4 |     2 |     1 |       |       ||     9
       Call Imp          |       |       |     2 |     8 |       |    10 |     4 |       ||    24
       Fulminant Prism   |       |       |     2 |     9 |     1 |    13 |     1 |       ||    26
       Dazzling Spray    |       |       |       |    29 |    58 |    19 |     4 |       ||   110
       Borgnjor's Vile C |       |       |       |     2 |    56 |   132 |   108 |    10 ||   308
       Confusing Touch   |       |       |       |       |     5 |     2 |       |       ||     7
       Animate Dead      |       |       |       |       |     4 |    92 |    93 |     5 ||   194
       Recall            |       |       |       |       |       |    12 |    23 |       ||    35
       Shroud of Golubri |       |       |       |       |       |    22 |    16 |     3 ||    41
       Regeneration      |       |       |       |       |       |    10 |     7 |     1 ||    18
       Vampiric Draining |       |       |       |       |       |       |       |     1 ||     1
Invok: Ancestor Identity |       |       |     1 |       |     1 |       |       |       ||     2
       Ancestor Life: He |       |       |     1 |       |       |       |       |       ||     1
       Recall Ancestor   |       |       |     1 |     3 |     9 |     8 |     5 |     1 ||    27
       Transference      |       |       |       |     1 |     1 |       |       |       ||     2
       Idealise          |       |       |       |     1 |     1 |       |     1 |     1 ||     4
 Abil: Evoke Invisibilit |       |       |       |     4 |     7 |    13 |     9 |       ||    33
       Evoke Flight      |       |       |       |       |       |     1 |       |       ||     1
Evoke: Crystal ball of e |       |       |       |       |       |    24 |    27 |       ||    51
       Lamp of fire      |       |       |       |       |       |       |     1 |       ||     1
  Use: Scroll            |       |    13 |     6 |     5 |     9 |     4 |    11 |       ||    48
       Potion            |       |       |       |     4 |     5 |     8 |     3 |       ||    20
 Stab: Sleeping          |       |       |     5 |     3 |    17 |    21 |    44 |     1 ||    91
       Confused          |       |       |     1 |    21 |    23 |    17 |    71 |     8 ||   141
       Distracted        |       |       |     1 |     5 |    27 |    36 |    26 |       ||    95
       Invisible         |       |       |       |    10 |    28 |    47 |    12 |       ||    97
       Petrified         |       |       |       |       |     3 |       |       |       ||     3
       Paralysed         |       |       |       |       |     4 |    47 |    23 |     2 ||    76
  Eat: Chunk             |     2 |    26 |     4 |    17 |    29 |    32 |     8 |       ||   118
       Ration            |       |       |       |     4 |     5 |    10 |    11 |     1 ||    31
Armor: Robe              |     1 |       |       |       |       |       |       |       ||     1
       Leather armour    |    16 |    13 |    58 |       |       |       |       |       ||    87
       Ring mail         |       |       |     8 |   210 |   325 |   451 |   181 |    25 ||  1200
Dodge: Dodged            |    25 |    30 |   128 |   388 |   595 |   882 |   444 |    61 ||  2553
Block: Other             |       |       |     2 |       |       |       |       |       ||     2
       Buckler           |       |       |    65 |   220 |   217 |   596 |       |       ||  1098
       Reflection        |       |       |    10 |    11 |       |       |    58 |     9 ||    88
       Shield            |       |       |       |       |       |     8 |   703 |    83 ||   794
